 Dungeon Crawl Stone Soup version 0.31.0-11-ge490571c62 (webtiles) character file.

Game seed: 2298745943218630422

48 qw the Shooter (level 3, 0/20 HPs)
             Began as a Deep Elf Hunter on Feb 4, 2024.
             Slain by a ribbon worm (8 damage)
             ... on level 2 of the Dungeon.
             The game lasted 00:00:21 (1146 turns).

qw the Shooter (Deep Elf Hunter)                    Turns: 1146, Time: 00:00:22

Health: 0/20       AC:  4    Str: 10    XL:     3   Next: 50%
Magic:  5/5        EV: 12    Int: 13    God:
Gold:   113        SH:  0    Dex: 18    Spells: 2/2 levels left

rFire   . . .        a - +0 shortbow
rCold   . . .        (shield currently unavailable)
rNeg    . . .        c - +0 leather armour
rPois   .            (no helmet)
rElec   .            (no cloak)
rCorr   .            (no gloves)
SInv    .            g - +0 pair of boots
Will    .....        (no amulet)
Stlth   ++           (no ring)
HPRegen 0.23/turn    (no ring)
MPRegen 0.09/turn

%: no passive effects
@: no status effects
A: no striking features
a: no special abilities


You were on level 2 of the Dungeon.
You visited 1 branch of the dungeon, and saw 2 of its levels.

You collected 113 gold pieces.


   Skills:
 - Level 1.5 Fighting
 + Level 7.0 Ranged Weapons
 - Level 2.4 Dodging
 - Level 1.2 Stealth


You had 2 spell levels left.
You didn't know any spells.
Your spell library was empty.

Inventory:

Hand Weapons
 a - a +0 shortbow (weapon)
Armour
 c - a +0 leather armour (worn)
 g - a +0 pair of boots (worn)
Scrolls
 b - a scroll of brand weapon {unknown}
 d - a scroll of poison {unknown}
 i - a scroll of teleportation {unknown}
 j - a scroll of silence {unknown}
 l - a scroll of torment {unknown}
Potions
 e - a potion of mutation {unknown}
 f - a potion of enlightenment {unknown}
 h - a potion of cancellation {unknown}
 k - a potion of curing {unknown}

Dungeon Overview and Level Annotations

Branches:
Dungeon (2/15)

Altars:

Shops:
D:2 =


Message History

You shoot an arrow.
The arrow barely misses the ribbon worm.
The ribbon worm bites you!
You shoot an arrow.
The arrow hits the ribbon worm but does no damage.
The ribbon worm is moderately wounded.
The ribbon worm barely misses you.
You shoot an arrow. The arrow hits the ribbon worm.
The ribbon worm is heavily wounded.
The ribbon worm closely misses you.
You shoot an arrow.
The arrow barely misses the ribbon worm.
The ribbon worm bites you.
You shoot an arrow. The arrow hits the ribbon worm.
The ribbon worm is heavily wounded.
You shoot an arrow. The arrow hits the ribbon worm.
The ribbon worm is severely wounded.
The ribbon worm expels a string of sticky webbing.
The stream of webbing hits you but does no damage.
You are caught in a web!
The ribbon worm bites you.
The ribbon worm bites you but does no damage.
The ribbon worm barely misses you. The ribbon worm closely misses you.
The ribbon worm expels a string of sticky webbing.
The stream of webbing misses you. The ribbon worm barely misses you.
The ribbon worm barely misses you. The ribbon worm completely misses you.
Enter note:
Enter note:
Enter note:
Enter note: The web tears apart.
The ribbon worm bites you.
You shoot an arrow.
The arrow hits the ribbon worm but does no damage.
The ribbon worm is lightly wounded.
The ribbon worm bites you!
You die...

##.##.#####.# #....# #.#
#...#.......# #.####
#.## ..#%######### #.#
#..# ....# #.# ##.#
..### #######.## #.# ...
.........# #.# #.#
#######..##########.####
#.# ###.................
#.# #..@.............###
#.# #.#w.#########...# #
#.# #.#..# ##### # ..# .
...# # <.# .###... ###
.. #.##. # #.# . # ..# #


You could see a ribbon worm.

Vanquished Creatures
  2 dart slugs (D:1)
  8 endoplasms
  2 giant cockroaches (D:2)
  7 goblins
  A quokka (D:2)
  5 ball pythons (D:1)
  2 bats
  2 frilled lizards (D:1)
  7 kobolds
  2 rats
38 creatures vanquished.

Notes
Turn   | Place    | Note
-------+----------+-------------------------------------------
     0 | D:1      | qw the Deep Elf Hunter began the quest for the Orb.
     0 | D:1      | Reached XP level 1. HP: 12/12 MP: 3/3
     0 | D:1      | 0 ||| qw: Version: 0.3-a-160-g6735b56
     0 | D:1      | 0 ||| qw: Game counter: 6109
     0 | D:1      | 0 ||| qw: Melee chars always use a shield: true
     0 | D:1      | 0 ||| qw: God list: Okawaru
     0 | D:1      | 0 ||| qw: Allow faded altars: false
     0 | D:1      | 0 ||| qw: Do Orc after clearing Dungeon:15 true
     0 | D:1      | 0 ||| qw: Do second Lair branch before Depths: true
     0 | D:1      | 0 ||| qw: Lair rune preference: random
     0 | D:1      | 0 ||| qw: Goals: Normal
     0 | D:1      | 0 ||| PLANNING D:1-11
   231 | D:1      | Reached skill level 6 in Ranged Weapons
   231 | D:1      | Reached XP level 2. HP: 16/16 MP: 4/4
   467 | D:1      | Reached XP level 3. HP: 20/20 MP: 5/5
   646 | D:1      | 646 ||| UPGRADING to +0 pair of boots.
   651 | D:1      | 651 ||| READING scroll labelled MUDIFA CAETUAFAE.
   652 | D:1      | 652 ||| READING scroll labelled PELIPRESIWN.
   753 | D:1      | 753 ||| DROPPING scroll of butterflies.
   775 | D:2      | Found Luiqed's Jewellery Shop.
   778 | D:2      | 778 ||| SHOPLISTING +6 ring of strength (432 gold, have
                  | 18).
   778 | D:2      | 778 ||| SHOPLISTING amulet "Fifocoas" {Reflect Slay+4 SH+5}
                  | (645 gold, have 18).
   778 | D:2      | 778 ||| SHOPLISTING ring of positive energy (240 gold, have
                  | 18).
   778 | D:2      | 778 ||| SHOPLISTING ring of protection from cold (300 gold,
                  | have 18).
   778 | D:2      | 778 ||| SHOPLISTING ring of protection from fire (300 gold,
                  | have 18).
   778 | D:2      | 778 ||| SHOPLISTING ring of see invisible (180 gold, have
                  | 18).
   778 | D:2      | 778 ||| SHOPLISTING ring of the Failed Coup {Str+6 Stlth+}
                  | (549 gold, have 18).
   778 | D:2      | 778 ||| SHOPLISTING ring of the Tortoise {AC+8} (1536 gold,
                  | have 18).
   960 | D:2      | Reached skill level 7 in Ranged Weapons
  1146 | D:2      | Slain by a ribbon worm

Levels and vault maps discovered:
D:1:      psy_arrival_radial01, layout_basic
D:2:      layout_loops_ring, serial_shops, nicolae_shop_tiny_real_fake_doors,
          item_on_display_a

Skill      XL: |  1  2  3 |
---------------+----------+-----
Ranged Weapons | 6 7 |  7.0
Fighting       | |  1.5
Dodging        | |  2.4
Stealth        | |  1.2

Action                     || total
---------------------------++-------
   Fire: Shortbow          ||   100
    Use: Scroll            ||     2
 Armour: Leather armour    ||    12
  Dodge: Dodged            ||    21

Table legend:
 A = Non-vault XP
 B = Vault XP
 C = Vault XP percentage of total XP
 D = Non-vault monster count
 E = Vault monster count
 F = Vault count percentage of total count
                 A         B        C        D         E       F
            +---------+---------+-------+---------+---------+-------
      Total |      69 |       0 |   0.0 |      38 |       0 |   0.0
            +---------+---------+-------+---------+---------+-------
        D:1 |      50 |       0 |   0.0 |      28 |       0 |   0.0
        D:2 |      19 |       0 |   0.0 |      10 |       0 |   0.0
            +---------+---------+-------+---------+---------+-------
